[Event "9th Porticcio Open 2024"]
[Site "Porticcio"]
[Date "2024.07.03"]
[Round "7.9"]
[White "Grisoni, Emma"]
[Black "Daulet, Alikhan"]
[Result "0-1"]
[ECO "B26"]
[WhiteElo "1746"]
[BlackElo "1877"]
[Annotator "NA RC"]
[PlyCount "100"]
[EventDate "2024.07.01"]
[EventType "swiss"]
[EventCountry "FRA"]
[SourceTitle "playchess.com"]
[Source "ChessBase"]
[SourceQuality "1"]
[TimeControl "5400+30"]

1. e4 c5 2. Nc3 Nc6 3. g3 g6 4. Bg2 Bg7 5. d3 d6 6. Be3 Rb8 7. Qd2 b5 8. Nge2 b4 9. Nd1 h5 10. h4 Nf6 11. f3 a5 12. c3 Ba6 13. c4 Nd7 14. Rc1 Nd4 15. O-O Bc8 16. f4 O-O 17. f5 e6 18. Nxd4 cxd4 19. Bh6 Nf6 20. fxg6 fxg6 21. Qg5 Kh7 22. Bxg7 Kxg7 23. e5 Ng4 24. Qxd8 Rxd8 25. exd6 Rxd6 26. Bh3 Ne5 27. Nf2 Bb7 28. Bg2 Bxg2 29. Kxg2 Rf8 30. Ne4 Rc6 31. Rxf8 Kxf8 32. Nf2 Ke7 33. Re1 Nd7 34. Kf3 Rc5 35. Re4 Rf5+ 36. Rf4 e5 37. Rxf5 gxf5 38. Ke2 Nc5 39. Nd1 Ke6 40. Nf2 Na4 41. Nd1 e4 42. Nf2 Ke5 43. Nh3 Nxb2 44. Nf4 a4 45. Kd2 Nxd3 46. Nxd3+ exd3 47. Kxd3 b3 48. axb3 a3 49. Kc2 d3+ 50. Kc3 d2 0-1

[Event "9th Porticcio Open 2024"]
[Site "Porticcio"]
[Date "2024.07.03"]
[Round "7.10"]
[White "Michalska, Lena"]
[Black "Deladerriere, Helio"]
[Result "0-1"]
[ECO "E11"]
[WhiteElo "1747"]
[BlackElo "1850"]
[Annotator "NA RC"]
[PlyCount "88"]
[EventDate "2024.07.01"]
[EventType "swiss"]
[EventCountry "FRA"]
[SourceTitle "playchess.com"]
[Source "ChessBase"]
[SourceQuality "1"]
[TimeControl "5400+30"]

1. c4 e5 2. g3 Nf6 3. Bg2 Bc5 4. Nc3 O-O 5. Nf3 d6 6. d4 exd4 7. Nxd4 Nbd7 8. O-O Ne5 9. b3 c6 10. Bb2 Bb6 11. Rc1 Bd7 12. Ba3 Be6 13. Nxe6 fxe6 14. Qxd6 Ned7 15. Qxe6+ Rf7 16. Ne4 Nxe4 17. Bxe4 Nf8 18. Qg4 Qf6 19. c5 Bc7 20. Bd3 Kh8 21. Bb4 Be5 22. Rc4 Ne6 23. Bxh7 Kxh7 24. Qh3+ Kg8 25. Rh4 g6 26. Qg2 Rd8 27. e3 Bc3 28. Bxc3 Qxc3 29. Rc4 Qf6 30. f4 Rfd7 31. Rc2 Rd1 32. Qe2 Qa1 33. Kg2 Rxf1 34. Qxf1 Qf6 35. Qc4 Kh7 36. Qa4 a6 37. Qb4 Rd7 38. h4 Qf5 39. e4 Nxf4+ 40. gxf4 Qg4+ 41. Kf1 Rd1+ 42. Kf2 Qg1+ 43. Ke2 Qf1+ 44. Ke3 Rd3# 0-1

[Event "9th Porticcio Open 2024"]
[Site "Porticcio"]
[Date "2024.07.03"]
[Round "7.11"]
[White "Winnubst, Paul"]
[Black "Ercoli, Andria"]
[Result "0-1"]
[ECO "E92"]
[WhiteElo "1871"]
[BlackElo "1723"]
[Annotator "NA RC"]
[PlyCount "64"]
[EventDate "2024.07.01"]
[EventType "swiss"]
[EventCountry "FRA"]
[SourceTitle "playchess.com"]
[Source "ChessBase"]
[SourceQuality "1"]
[TimeControl "5400+30"]

1. d4 Nf6 2. c4 g6 3. Nc3 Bg7 4. e4 d6 5. Nf3 O-O 6. Be2 e5 7. Be3 exd4 8. Nxd4 Re8 9. Qc2 c6 10. Rd1 a5 11. O-O Qe7 12. Bf3 Nbd7 13. Rfe1 Ne5 14. b3 c5 15. Ndb5 Nxf3+ 16. gxf3 Rd8 17. Bg5 Be6 18. f4 h6 19. Bh4 g5 20. fxg5 Ng4 21. Nd5 Bxd5 22. exd5 Ne5 23. Qf5 hxg5 24. Bg3 Qd7 25. Qxd7 Rxd7 26. Kg2 f5 27. f4 gxf4 28. Bxf4 Re8 29. Re3 Bf8 30. Rde1 Rg7+ 31. Kh1 Ng4 32. R3e2 Nf2+ 0-1

[Event "9th Porticcio Open 2024"]
[Site "Porticcio"]
[Date "2024.07.04"]
[Round "8.1"]
[White "Batsiashvili, Nino"]
[Black "Lagarde, Maxime"]
[Result "*"]
[ECO "D76"]
[WhiteElo "2450"]
[BlackElo "2604"]
[Annotator "TA"]
[PlyCount "74"]
[EventDate "2024.07.01"]
[EventType "swiss"]
[EventCountry "FRA"]
[SourceTitle "playchess.com"]
[Source "ChessBase"]
[SourceQuality "1"]
[TimeControl "5400+30"]

1. d4 Nf6 2. c4 g6 3. Nc3 Bg7 4. Nf3 O-O 5. g3 d5 6. cxd5 Nxd5 7. Bg2 Nc6 8. O-O Nb6 9. e3 a5 10. h3 Re8 11. d5 Nb4 12. e4 {[%emt 0:02:39] White is slightly better.} c6 13. a3 Na6 14. dxc6 bxc6 15. Qc2 e5 16. Rd1 Qe7 17. Bf1 Nc5 18. Bg5 f6 19. Be3 {[%emt 0:00:13] b4 is the strong threat.} Be6 $1 20. b4 Ncd7 ({Not} 20... Bb3 $2 21. Qb2 Bxd1 22. Bxc5 $18) 21. Nd2 axb4 22. axb4 Rxa1 23. Rxa1 Qxb4 24. Na4 (24. Rb1 $5 Qa5 25. Nb3 $14) 24... Nxa4 25. Rxa4 Qd6 26. Nc4 Qf8 27. Ra6 Nb8 28. Rb6 Bh6 $2 (28... Kh8 $11 {and Black is okay.}) 29. Bxh6 $18 Qxh6 30. Nd6 Rd8 {[%emt 0:00:05] [#]} 31. Nb7 ({Only move:} 31. Bc4 $1 $18 Qxh3 32. Nb7 (32. Nf5 Bxc4 33. Qxc4+ Kh8 $18)) 31... Qd2 $14 32. Qxd2 (32. Qc5 $14 Rf8 33. Qe7) 32... Rxd2 $11 {[%emt 0:00:06] The position is equal.} 33. Na5 Rd8 34. Nxc6 Nxc6 35. Rxc6 Kf7 36. Bc4 Bxc4 37. Rxc4 g5 {[%emt 0:00:16] Weighted Error Value: White=0.21 (precise) /Black=0.28 (precise) .  Loses game:     	---       	Black=1      Missed win:     	White=1     	---        Mistake:       	White=1     	---        Inaccurate:     	White=1     	---        OK:         	White=9     	Black=12     Best:        	White=2     	Black=1      Strong:       	---       	Black=1} *

[Event "9th Porticcio Open 2024"]
[Site "Porticcio"]
[Date "2024.07.04"]
[Round "8.2"]
[White "Bulmaga, Irina"]
[Black "Fedorchuk, Sergey A."]
[Result "1/2-1/2"]
[ECO "B22"]
[WhiteElo "2391"]
[BlackElo "2546"]
[Annotator "TA"]
[PlyCount "102"]
[EventDate "2024.07.01"]
[EventType "swiss"]
[EventCountry "FRA"]
[SourceTitle "playchess.com"]
[Source "ChessBase"]
[SourceQuality "1"]
[TimeControl "5400+30"]

1. e4 c5 2. c3 Nf6 3. e5 Nd5 4. Bc4 Nb6 5. Bb3 c4 6. Bc2 {[%emt 0:00:07] B22: Sicilian: 2 c3.} d6 7. Nf3 dxe5 8. Nxe5 Qd5 9. Qe2 Qxg2 10. Be4 Qg5 11. Nxc4 Nxc4 12. Qxc4 Nd7 13. Na3 Qe5 14. f3 a6 15. d4 Qb8 $146 ({Predecessor:} 15... Qd6 16. Qe2 Rb8 17. Nc4 Qc7 18. Bg5 f6 19. Bh4 b5 20. Nd2 e6 21. Bf5 Ne5 22. dxe5 exf5 23. exf6+ {1-0 Fister,B (2328)-Attard,I (2008) Mare Nostrum tt 4th email 2010 [4]}) 16. Qe2 e6 17. Nc4 Be7 (17... Qc7 $14) 18. Rg1 $1 $16 g6 19. Bh6 Qc7 (19... f5 $142) 20. O-O-O $16 Rb8 21. d5 b5 22. dxe6 fxe6 23. Ne3 b4 24. c4 $1 b3 (24... Nc5 {was called for.}) 25. axb3 $1 $18 Nc5 {[%emt 0:01:42] [#]} 26. Bc2 (26. Qc2 $1 $18 {[%cal Oe4g6] and White stays clearly on top. Threatening mate with Bxg6+!} Nxb3+ 27. Kb1) 26... Qa5 {[%emt 0:01:05] [#]} (26... Nxb3+ $16 {is a better defense.} 27. Kb1 Qe5) 27. Kb1 ({White should try} 27. Bg7 $1 $18 Rf8 28. Kb1 Nxb3 29. Bxb3 Rxb3 30. Bxf8 Kxf8 31. Rd3) 27... Nxb3 $16 28. Bxb3 Rxb3 29. Rd3 ({White should play} 29. Qc2 $16 Rb4 30. Bg7 (30. Rxg6 $2 Ra4 $19)) 29... Rxd3 $11 30. Qxd3 Kf7 31. Qe4 (31. Ng4 {simplifies} Qf5 32. Qxf5+ exf5 33. Ne5+) 31... Rd8 32. Ng4 Qf5 33. Ne5+ (33. Qxf5+ {simplifies} exf5 34. Ne5+ Ke8 35. Nc6) 33... Ke8 34. Qxf5 exf5 35. Nc6 Rd7 36. Re1 Bb7 37. Rxe7+ Rxe7 38. Nxe7 Kxe7 39. f4 Be4+ 40. Kc1 Kd6 41. Kd2 Kc6 42. b4 Bg2 43. Kc3 Bf1 44. Kd4 Be2 45. Bf8 Bf1 46. h4 Be2 47. Be7 Bf1 48. Bf8 Be2 49. Be7 Bf1 50. Bf8 Be2 51. Be7 Bf1 1/2-1/2

[Event "9th Porticcio Open 2024"]
[Site "Porticcio"]
[Date "2024.07.04"]
[Round "8.3"]
[White "Terrieux, Kevin"]
[Black "Hamdouchi, Hicham"]
[Result "0-1"]
[ECO "E14"]
[WhiteElo "2408"]
[BlackElo "2527"]
[Annotator "TA"]
[PlyCount "102"]
[EventDate "2024.07.01"]
[EventType "swiss"]
[EventCountry "FRA"]
[SourceTitle "playchess.com"]
[Source "ChessBase"]
[SourceQuality "1"]
[TimeControl "5400+30"]

1. d4 Nf6 2. Nf3 e6 3. e3 c5 4. Bd3 b6 5. O-O Bb7 6. c4 g6 7. Nc3 Bg7 8. e4 cxd4 {[%emt 0:01:47] E14: Queen's Indian: Classical Variation (4 e3).} 9. Nxd4 d6 10. Be3 O-O 11. h3 $146 ({Predecessor:} 11. Re1 Nc6 12. Nxc6 Bxc6 13. Rc1 Nd7 14. Bf1 Qe7 15. Qd2 Nc5 16. f3 a5 17. b3 {½-½ Moiseenko,V (2528)-Levin,E (2505) RUS-chT rapid 2016 (4.3)}) 11... Nbd7 12. Nf3 Nc5 13. Qc2 Rc8 14. Rad1 Qc7 15. b3 a6 16. Bd4 Qe7 17. Rfe1 e5 18. Be3 b5 19. Bxc5 (19. cxb5 $2 Ncxe4 20. bxa6 Nxc3 $19 (20... Rxc3 $2 21. Qb1 $19)) 19... Rxc5 20. Qd2 (20. cxb5 Rfc8 21. bxa6 (21. Bc4 $2 axb5 22. Nxb5 Rxb5 $19) 21... Rxc3 $17) 20... Rfc8 21. Bf1 Bf8 22. Rc1 b4 23. Na4 R5c7 24. Bd3 a5 25. a3 bxa3 26. Qa2 $2 {[%emt 0:06:09] [#]} (26. Ra1 $15) 26... d5 $1 $19 27. exd5 Nxd5 28. Be4 Qf6 29. Bxd5 Bxd5 30. Nxe5 Bb7 31. Ng4 Qc6 32. f3 (32. Ne3 $17) 32... h5 $19 33. Ne5 Qe6 34. c5 {[%emt 0:02:17] [#]} Rd8 (34... Bxc5+ 35. Rxc5 Rxc5 36. Nxc5 Rxc5 37. Nd3 $18 (37. Qxa3 $2 Rxe5 38. Rxe5 Qxe5 $19)) (34... Re7 $1 $19 {Strongly threatening ...Rce8.} 35. Qxa3 Rce8) 35. Qxa3 $17 Bh6 ({Better is} 35... Qf5 $17 {Threatens to win with ...Rd2.} 36. Qa1 Bg7) 36. Nc4 (36. Ng4 $1 $11 {was the only way to keep the balance.} hxg4 (36... Bxc1 $2 37. Qxc1 $18) 37. Rxe6 fxe6 38. Qa1 (38. hxg4 $2 Be3+ 39. Kf1 Rd2 $19) 38... Bxc1 39. Qxc1 gxf3 40. Qg5) 36... Qf6 (36... Qd5 $17 {...Qd4+ would now be deadly.} 37. Kh1 Bf4 (37... Bxc1 38. Qxc1 Bc6 39. Qf4 $15)) 37. Qa1 $15 Qh4 $1 38. Rcd1 Rcc8 $1 39. Nd6 (39. Nxa5 $2 Bxf3 40. Qe5 Rxd1 $19 (40... Bxd1 $2 41. Rf1 $19)) 39... Bxf3 40. Nxc8 $2 (40. Rd3 $17 Bc6 41. Qc3 (41. Nxc8 $2 Rxd3 42. Ne7+ Kh7 $19)) 40... Be3+ $19 ({Weaker is} 40... Bxd1 41. Rxd1 Rxc8 42. Qe5 $17) 41. Rxe3 Rxd1+ (41... Bxd1 $2 {too greedy.} 42. Nd6 Bxb3 43. Rxb3 $18) 42. Qxd1 Bxd1 43. Ne7+ Kg7 44. Nc3 Bxb3 45. c6 Qd4 46. Kf2 a4 47. Ne4 Be6 48. c7 a3 49. Nc6 Qb6 50. Nd6 Qxc6 51. Rxe6 fxe6 0-1

[Event "9th Porticcio Open 2024"]
[Site "Porticcio"]
[Date "2024.07.04"]
[Round "8.4"]
[White "Clarke, Brandon G I"]
[Black "Kuru, Atilla"]
[Result "1-0"]
[ECO "C41"]
[WhiteElo "2498"]
[BlackElo "2314"]
[Annotator "TA"]
[PlyCount "97"]
[EventDate "2024.07.01"]
[EventType "swiss"]
[EventCountry "FRA"]
[SourceTitle "playchess.com"]
[Source "ChessBase"]
[SourceQuality "1"]
[TimeControl "5400+30"]

1. e4 d6 2. d4 Nf6 3. Nc3 e5 4. Nf3 Nbd7 5. g4 Nxg4 6. Rg1 {[%emt 0:00:02] C41: Philidor Defence.} exd4 7. Nxd4 Nde5 8. h3 Nf6 9. f4 Nc6 10. Be3 g6 11. Bb5 $146 ({Predecessor:} 11. Qf3 Bg7 12. O-O-O Nxd4 13. Bxd4 Nh5 14. Bxg7 Nxg7 15. f5 g5 16. h4 h6 17. hxg5 hxg5 {1-0 Nowak,K (2275)-Litner,I (1978) POL-chT 2nd League 2022 (2.97)}) 11... Bd7 12. Qf3 Bh6 13. e5 Nxd4 14. Bxd4 Bxb5 (14... dxe5 $1 $17 15. Bxe5 (15. fxe5 O-O $17) 15... Bxb5) 15. exf6 $15 {[%emt 0:16:20] [#]} Bd7 (15... Qd7 $1 $17 16. Qe3+ (16. Qxb7 $2 Bc6 $19) 16... Kd8) 16. Nd5 (16. Qxb7 O-O 17. O-O-O c6 $17) (16. O-O-O $1 $14) 16... c6 $15 17. Ne3 ({White should try} 17. Ne7 $1 $15 Qa5+ 18. Bc3) 17... Qa5+ $19 18. Bc3 Qa4 19. Rf1 O-O-O 20. b3 (20. O-O-O {was worth a try.}) 20... Qa3 $19 21. Rd1 Rhe8 (21... Qxa2 $2 22. Ra1 $18 (22. Rxd6 Rhe8 $17) (22. Rxd6 Rhe8 $17)) 22. Kf2 d5 (22... Qxa2 23. Rd2 (23. Rxd6 $2 Bf8 $17) (23. Ra1 Rxe3 24. Rxa2 Rxf3+ 25. Kxf3 Kb8 $16) 23... Qa3 24. Nc4 Qc5+ 25. Bd4 $14) 23. Be5 Qc5 (23... Qxa2 $2 24. Ra1 $18) 24. Qg3 $2 (24. Bd4 Qa3 25. Kg3) 24... Bf5 (24... Rxe5 $142 25. fxe5 d4) 25. c3 $19 a5 26. Rfe1 Bf8 ({Black should play} 26... Be4 $17 {...Bf8 is the strong threat.} 27. Re2 Bf8 28. Qg4+ Rd7) 27. Bd4 $11 Qa3 28. Rd2 $2 ({White must play} 28. Nxf5 $15 gxf5 (28... Qxa2+ 29. Kf3 $11) 29. Kf3) 28... Be6 (28... Be4 $19 {is more deadly. Hoping for ...Bc5.} 29. Rde2 Bc5 (29... c5 30. Be5 $17)) 29. Ng4 (29. Bb6 $17 {is a better defense.}) 29... h5 (29... c5 $19 30. Be5 c4) 30. Ne5 $17 c5 31. Be3 a4 32. Rb1 $2 (32. Kg1 $1 $15) 32... axb3 33. Rxb3 Qa6 34. Rbb2 Bd6 35. Kg1 Kc7 36. h4 Qa5 37. Bf2 Ra8 $2 (37... b6 $19 {Threatens to win with ...Bxe5.} 38. Re2 Qa4) 38. Qf3 $1 $15 Bxe5 (38... Qa6 $1 $15 39. Rxd5 Rad8 (39... Bxd5 40. Qxd5 Re6 41. Bxc5 $11)) 39. fxe5 $4 {[%emt 0:00:02][%mdl 8192] [#]} (39. Rxd5 $1 $11 Bxd5 40. Qxd5) 39... Red8 $2 (39... b6 $1 $19 {aiming for ...Qa4.} 40. Rxd5 Bxd5 41. Qxd5 Re6 (41... Qxc3 42. Qd6+ Kc8 43. Rxb6 Qa5 44. Qc6+ Kd8 45. Rb7)) 40. c4 $1 $11 Kc6 ({Weaker is} 40... dxc4 41. Qxb7#) 41. Rd3 Rd7 $2 (41... Qa4 $1 $11 {and Black is okay.}) 42. Rb5 $18 Qxb5 43. cxb5+ Kxb5 (43... Kb6 $142 44. Ra3 Rxa3 45. Qxa3 d4) 44. Rb3+ $18 Kc6 45. Bxc5 Rxa2 46. Qc3 Ra4 47. Bd4+ Rc4 48. Qa5 Rc7 49. Qb5# 1-0

[Event "9th Porticcio Open 2024"]
[Site "Porticcio"]
[Date "2024.07.04"]
[Round "8.5"]
[White "Bailet, Pierre"]
[Black "Nayak Rajesh"]
[Result "1-0"]
[ECO "B43"]
[WhiteElo "2491"]
[BlackElo "2185"]
[Annotator "RC"]
[PlyCount "123"]
[EventDate "2024.07.01"]
[EventType "swiss"]
[EventCountry "FRA"]
[SourceTitle "playchess.com"]
[Source "ChessBase"]
[SourceQuality "1"]
[TimeControl "5400+30"]

1. e4 c5 2. Nc3 a6 3. g3 b5 4. Bg2 Bb7 5. Nge2 e6 6. d4 b4 7. Na4 cxd4 8. Nxd4 Nf6 9. O-O Bxe4 10. Bxe4 Nxe4 11. Re1 d5 12. c4 bxc3 13. Nxc3 Nxc3 14. Qh5 Ne4 15. Nxe6 Qb6 16. Nc7+ Qxc7 17. Qxd5 Ra7 18. Bf4 Qb7 19. Qxe4+ Be7 20. Qa4+ Qd7 21. Rxe7+ Kxe7 22. Re1+ Kf6 23. Qa5 h6 24. Bxb8 Rxb8 25. Qe5+ Kg6 26. Qxb8 Rc7 27. Qb3 Rc6 28. Qf3 Kh7 29. h4 Rf6 30. Qe4+ Qf5 31. b4 Qxe4 32. Rxe4 Rf5 33. a4 Rd5 34. Kg2 Rd2 35. Rc4 Ra2 36. a5 Rb2 37. h5 g6 38. hxg6+ Kxg6 39. Rg4+ Kf6 40. Rf4+ Ke6 41. Kf3 h5 42. Ke3 f5 43. Kd3 Ke5 44. Kc3 Ra2 45. Kb3 Rd2 46. Kc3 Ra2 47. Kc4 h4 48. Rxh4 Rc2+ 49. Kb3 Rxf2 50. Rh6 Rf3+ 51. Kc4 Rxg3 52. Rxa6 f4 53. Ra8 f3 54. Re8+ Kd6 55. Rf8 Kc7 56. Rf7+ Kb8 57. Kb5 Rg5+ 58. Ka4 Rg3 59. a6 f2 60. Ka5 Ra3+ 61. Kb6 Kc8 62. Rxf2 1-0

[Event "9th Porticcio Open 2024"]
[Site "Porticcio"]
[Date "2024.07.04"]
[Round "8.6"]
[White "Yankelevich, Lev"]
[Black "Rakotomaharo, Fy Antenaina"]
[Result "*"]
[ECO "D50"]
[WhiteElo "2416"]
[BlackElo "2448"]
[Annotator "RC"]
[PlyCount "60"]
[EventDate "2024.07.01"]
[EventType "swiss"]
[EventCountry "FRA"]
[SourceTitle "playchess.com"]
[Source "ChessBase"]
[SourceQuality "1"]
[TimeControl "5400+30"]

1. d4 d5 2. c4 e6 3. Nc3 Nf6 4. Bg5 Bb4 5. e3 c6 6. Qb3 Qa5 7. Bxf6 gxf6 8. Rc1 Nd7 9. a3 Be7 10. cxd5 cxd5 11. Nf3 Rg8 12. g3 a6 13. Bd3 f5 14. O-O b5 15. Nxd5 exd5 16. Qxd5 Rb8 17. Bxf5 Qd8 18. Ne5 Nxe5 19. Qxe5 Bxf5 20. Qxf5 Rg6 21. Rc2 Qd7 22. Qe5 Rc8 23. Rfc1 Rxc2 24. Rxc2 f6 25. Qh5 Qg4 26. Qxg4 Rxg4 27. Rc6 a5 28. Ra6 Bd8 29. Ra7 Rg5 30. Rxh7 Be7 *

[Event "9th Porticcio Open 2024"]
[Site "Porticcio"]
[Date "2024.07.04"]
[Round "8.7"]
[White "Nevednichy, Vladislav"]
[Black "Krivenko, Dion"]
[Result "1-0"]
[ECO "B50"]
[WhiteElo "2471"]
[BlackElo "2299"]
[Annotator "RC"]
[PlyCount "155"]
[EventDate "2024.07.01"]
[EventType "swiss"]
[EventCountry "FRA"]
[SourceTitle "playchess.com"]
[Source "ChessBase"]
[SourceQuality "1"]
[TimeControl "5400+30"]

1. e4 c5 2. Nf3 d6 3. c3 Nf6 4. Bd3 g6 5. h3 Bg7 6. Bc2 O-O 7. d4 Nc6 8. d5 Nb8 9. O-O e6 10. c4 b5 11. dxe6 Bxe6 12. cxb5 a6 13. bxa6 Nxa6 14. Nc3 Nb4 15. Bf4 d5 16. e5 Nd7 17. a3 Nxc2 18. Qxc2 Qb6 19. a4 Qb4 20. Bd2 Qb7 21. Rfe1 Bf5 22. Qd1 d4 23. Nb5 Be4 24. Bf4 Bc6 25. Qd3 Nb6 26. Nd6 Qd7 27. a5 Nd5 28. Bd2 Nc7 29. Nc4 Bb5 30. b3 Ne6 31. Ng5 Qd5 32. Nb6 Bxd3 33. Nxd5 Ra6 34. Nxe6 fxe6 35. Nb6 Bc2 36. Rac1 d3 37. Re4 Rf5 38. f4 g5 39. Nd7 gxf4 40. Nxc5 Rc6 41. b4 Bxe5 42. a6 Bb8 43. Rxe6 Rxe6 44. Nxe6 Ba7+ 45. Nc5 f3 46. Rf1 Rf6 47. Rxf3 Rxa6 48. Kf2 Re6 49. Be3 Bxc5 50. bxc5 Bd1 51. Rf4 Bb3 52. Rd4 Bc2 53. Rc4 Rc6 54. Rf4 Re6 55. g4 Kg7 56. Rc4 Rc6 57. Ke1 Kf6 58. Kd2 Ke5 59. Rf4 Rf6 60. Rxf6 Kxf6 61. c6 Ke6 62. c7 Kd7 63. Bf4 Kc8 64. g5 Kd7 65. h4 Bb3 66. Kxd3 Bf7 67. Kd4 Bh5 68. Bg3 Bf7 69. Kc5 Bh5 70. Kb6 Kc8 71. Kc6 Bf7 72. Kd6 Bh5 73. Ke6 Be8 74. Kf6 Kd7 75. Kg7 Bg6 76. Kh6 Be4 77. h5 Bf5 78. Kg7 1-0

[Event "9th Porticcio Open 2024"]
[Site "Porticcio"]
[Date "2024.07.04"]
[Round "8.8"]
[White "Anwesh, Upadhyaya"]
[Black "Unuk, Laura"]
[Result "1/2-1/2"]
[ECO "E06"]
[WhiteElo "2354"]
[BlackElo "2324"]
[Annotator "RC"]
[PlyCount "62"]
[EventDate "2024.07.01"]
[EventType "swiss"]
[EventCountry "FRA"]
[SourceTitle "playchess.com"]
[Source "ChessBase"]
[SourceQuality "1"]
[TimeControl "5400+30"]

1. c4 e6 2. g3 d5 3. Bg2 Nf6 4. Nf3 Be7 5. O-O O-O 6. d4 a5 7. Nc3 c6 8. b3 Nbd7 9. Qc2 b5 10. cxb5 cxb5 11. Nxb5 Ba6 12. a4 Rc8 13. Qd3 Ne4 14. Bf4 Rc3 15. Qb1 Bxb5 16. axb5 Qb6 17. Ne5 Nxe5 18. Bxe4 dxe4 19. dxe5 Qxb5 20. Qa2 Rxb3 21. Qxa5 Qxe2 22. Qa7 Bb4 23. Qa4 Qf3 24. Rab1 Rxb1 25. Rxb1 Bc5 26. Qc2 e3 27. Qxc5 Qxf2+ 28. Kh1 Qf3+ 29. Kg1 Qf2+ 30. Kh1 Qf3+ 31. Kg1 Qf2+ 1/2-1/2

[Event "9th Porticcio Open 2024"]
[Site "Porticcio"]
[Date "2024.07.04"]
[Round "8.9"]
[White "Ercoli, Andria"]
[Black "Daulet, Alikhan"]
[Result "0-1"]
[ECO "E51"]
[WhiteElo "1723"]
[BlackElo "1877"]
[Annotator "NA RC"]
[PlyCount "66"]
[EventDate "2024.07.01"]
[EventType "swiss"]
[EventCountry "FRA"]
[SourceTitle "playchess.com"]
[Source "ChessBase"]
[SourceQuality "1"]
[TimeControl "5400+30"]

1. d4 Nf6 2. c4 e6 3. Nc3 Bb4 4. e3 O-O 5. Bd2 d5 6. Nf3 c5 7. cxd5 exd5 8. Bd3 Nc6 9. O-O Bg4 10. dxc5 Bxc5 11. Be2 a6 12. Rc1 Qd6 13. a3 Bb6 14. Nd4 Bc7 15. f4 Bxe2 16. Ncxe2 Ne4 17. Nf5 Qd7 18. Ned4 Nxd4 19. Nxd4 Bb6 20. Bc3 Rac8 21. Qe2 Rfe8 22. Qd3 Nd6 23. Rfe1 Re4 24. Nf3 Nf5 25. Ne5 Qe6 26. Bd2 Rxc1 27. Bxc1 Rxf4 28. Nf3 h6 29. Bd2 Re4 30. Kf2 Nd6 31. b3 Qf5 32. Bc3 Rxe3 33. Qxf5 Rxc3+ 0-1

[Event "9th Porticcio Open 2024"]
[Site "Porticcio"]
[Date "2024.07.04"]
[Round "8.11"]
[White "Don Ignazi, Pierre Ange"]
[Black "Coriat, Caroline"]
[Result "0-1"]
[ECO "C00"]
[WhiteElo "1870"]
[BlackElo "1852"]
[Annotator "NA RC"]
[PlyCount "58"]
[EventDate "2024.07.01"]
[EventType "swiss"]
[EventCountry "FRA"]
[SourceTitle "playchess.com"]
[Source "ChessBase"]
[SourceQuality "1"]
[TimeControl "5400+30"]

1. e4 e6 2. Qe2 d5 3. exd5 Qxd5 4. Nc3 Qa5 5. Nf3 Nf6 6. g3 Be7 7. Bg2 Nc6 8. O-O Bd7 9. d3 h6 10. a3 Qh5 11. Re1 O-O 12. b3 Bd6 13. Bb2 Rae8 14. Rad1 e5 15. Qf1 Bg4 16. Re3 Nd4 17. Nxd4 exd4 18. Rxe8 Rxe8 19. f3 dxc3 20. Bxc3 Qc5+ 21. Qf2 Qxc3 22. fxg4 Nxg4 23. Qd2 Qxd2 24. Rxd2 Re1+ 25. Bf1 Ne3 26. Kf2 Nxf1 27. Kxe1 Nxd2 28. Kxd2 Bxa3 29. Kc3 Bd6 0-1

[Event "9th Porticcio Open 2024"]
[Site "Porticcio"]
[Date "2024.07.05"]
[Round "9.1"]
[White "Lagarde, Maxime"]
[Black "Clarke, Brandon G I"]
[Result "1-0"]
[ECO "E94"]
[WhiteElo "2604"]
[BlackElo "2498"]
[Annotator "TA"]
[PlyCount "31"]
[EventDate "2024.07.01"]
[EventType "swiss"]
[EventCountry "FRA"]
[SourceTitle "playchess.com"]
[Source "ChessBase"]
[SourceQuality "1"]
[TimeControl "5400+30"]

1. c4 Nf6 2. Nc3 g6 3. Nf3 Bg7 4. e4 d6 5. d4 O-O 6. Be2 e5 7. O-O exd4 8. Nxd4 Re8 9. f3 c6 10. Nc2 Na6 11. Kh1 Nc7 12. Bg5 d5 13. cxd5 cxd5 14. Qd2 {[%emt 0:02:27] White is more active.} dxe4 $2 {[%emt 0:06:55][%mdl 8192] [#]} (14... h6 $11 {and Black has nothing to worry.} 15. Bf4 (15. Bxh6 dxe4 16. Qc1 Qd6 $11) 15... Ne6) 15. Qxd8 $18 Rxd8 16. fxe4 {[%emt 0:00:12] Weighted Error Value: White=0.12 (very precise) /Black=1.23.  Loses game:     	---       	Black=1      Inaccurate:     	White=1     	Black=1      OK:         	White=1     	---        Best:        	White=3     	---} 1-0

[Event "9th Porticcio Open 2024"]
[Site "Porticcio"]
[Date "2024.07.05"]
[Round "9.2"]
[White "Fedorchuk, Sergey A."]
[Black "Bailet, Pierre"]
[Result "1/2-1/2"]
[ECO "C67"]
[WhiteElo "2546"]
[BlackElo "2491"]
[Annotator "TA"]
[PlyCount "59"]
[EventDate "2024.07.01"]
[EventType "swiss"]
[EventCountry "FRA"]
[SourceTitle "playchess.com"]
[Source "ChessBase"]
[SourceQuality "1"]
[TimeControl "5400+30"]

1. e4 e5 2. Nf3 Nc6 3. Bb5 Nf6 4. O-O Nxe4 5. Re1 Nd6 6. Nxe5 Be7 7. Bf1 Nxe5 8. Rxe5 O-O 9. d4 Bf6 10. Re1 Nf5 11. c3 d5 12. Bf4 c6 {[%emt 0:03:58] The position is equal.} 13. Nd2 Nh4 14. Nf3 Bg4 15. Be2 Nxf3+ 16. Bxf3 Bxf3 17. Qxf3 Re8 18. Re2 Rxe2 19. Qxe2 Qe7 20. Re1 Re8 21. Qxe7 Rxe7 22. Rxe7 Bxe7 $11 {[%emt 0:00:11][%mdl 4096] Endgame. KB-KB} 23. f3 f6 24. Kf2 Kf7 25. Ke2 Ke6 26. Kd3 Bf8 27. Ke3 Be7 28. Kd3 Bf8 29. Ke3 Be7 30. Kd3 {[%emt 1:02:26] A rather calm draw.   Weighted Error Value: White=0.04 (flawless) /Black=0.03 (flawless) .  OK:         	White=4     	Black=7      Best:        	White=1     	---} 1/2-1/2